 Dungeon Crawl Stone Soup version 0.21-a0-55-gb612c23 (webtiles) character file.

2959 Ijustatesigmund the Sneak (level 9, -19/57 HPs)
             Began as an Octopode Conjurer on June 14, 2017.
             Demolished by a two-headed ogre
             ... wielding a +0 giant spiked club
              (37 damage)
             ... on level 8 of the Dungeon.
             The game lasted 00:31:58 (9420 turns).

Ijustatesigmund the Sneak (Octopode Conjurer)       Turns: 9420, Time: 00:31:59

Health: -19/57     AC:  1    Str:  7    XL:     9   Next: 81%
Magic:  7/19       EV: 14    Int: 18    God:
Gold:   390        SH:  0    Dex: 15    Spells: 7/21 levels left

rFire    . . .     SeeInvis .   h - +5 short sword (protect)
rCold    + . .     Gourm    .   (no shield)
rNeg     . . .     Faith    +   (helmet restricted)
rPois    .         Spirit   .   y - amulet of the Fiend {Faith +Blink Stlth+}
rElec    .         Reflect  .   o - ring of protection from cold
rCorr    .         Harm     .   (no ring)
MR       .....                  (no ring)
Stlth    ++++++....             (no ring)
HPRegen  0.19/turn              (no ring)
MPRegen  0.16/turn              (no ring)
                                (no ring)
                                (no ring)

@: no status effects
A: almost no armour, stealthy swim, amphibious, 8 rings, constrict 8, camouflage
1, gelatinous body 1
a: Evoke Blink


You were on level 8 of the Dungeon.
You were not hungry.

You visited 2 branches of the dungeon, and saw 9 of its levels.
You also visited: Sewer.

You collected 390 gold pieces.

Inventory:

Hand Weapons
 h - a +5 short sword of protection (weapon)
Jewellery
 o - a ring of protection from cold (left tentacle)
 y - the amulet of the Fiend (around mantle) {Faith +Blink Stlth+}
   (You found it on level 5 of the Dungeon)

   [amulet of faith]

   It allows you to gain divine favour quickly.
   It lets you blink.
   It makes you more stealthy.
Wands
 j - a wand of enslavement (7/24)
 l - a wand of flame (22/48)
 w - a wand of polymorph (6/24)
 B - a wand of paralysis (0/24)
Scrolls
 b - a scroll of amnesia
 f - a scroll of remove curse
 g - a scroll of fear
 i - a scroll of fog
 m - a scroll of teleportation
 u - a scroll of immolation
 A - a scroll of enchant armour
Potions
 c - 3 potions of magic
 d - a potion of invisibility
 e - 2 potions of cancellation
 k - a potion of lignification
 n - 2 potions of flight
 q - a potion of agility
 r - a potion of haste {unknown}
 s - a potion of brilliance {unknown}
 t - a potion of ambrosia
 v - a potion of degeneration {unknown}
Books
 a - a book of Conjurations

   Spells                             Type                      Level
   a - Magic Dart                     Conjuration                  1
   b - Searing Ray                    Conjuration                  2
   c - Dazzling Spray                 Conjuration/Hexes            3
   d - Fulminant Prism                Conjuration/Hexes            4
   e - Force Lance                    Conjuration/Translocation    4
   f - Iskenderun's Mystic Blast      Conjuration                  4
 C - a book of Frost

   Spells                             Type                      Level
   a - Freeze                         Ice                          1
   b - Throw Frost                    Conjuration/Ice              2
   c - Ozocubu's Armour               Charms/Ice                   3
   d - Throw Icicle                   Conjuration/Ice              4
   e - Summon Ice Beast               Ice/Summoning                4
Comestibles
 p - 2 meat rations


   Skills:
 - Level 3.5 Fighting
 - Level 2.2 Short Blades
 - Level 3.2 Dodging
 - Level 7.0 Stealth
 + Level 6.8 Spellcasting
 + Level 6.7 Conjurations
 + Level 5.7 Hexes
 - Level 3.6 Evocations


You had 7 spell levels left.
You knew the following spells:

 Your Spells              Type           Power        Failure   Level  Hunger
a - Magic Dart            Conj           ####         1%          1    None
b - Searing Ray           Conj           ####..       1%          2    None
c - Dazzling Spray        Conj/Hex       ####..       2%          3    ##.....
d - Iskenderun's Mystic   Conj           ####....     7%          4    ####...
e - Fulminant Prism       Conj/Hex       ####......   9%          4    ####...


Dungeon Overview and Level Annotations

Branches:
Dungeon (8/15)             Temple (1/1) D:4
   Lair: D:8-11

Altars:
Ashenzari
Dithmenos
Elyvilon
Gozag
Kikubaaqudgha
Makhleb
Nemelex Xobeh
Qazlal
Trog
Vehumet
Wu Jian
The Shining One

Annotations:
D:6 Ijustatesigmund's ghost, novice OpCj


Innate Abilities, Weirdness & Mutations

You cannot wear most types of armour.
You are very stealthy in the water. (Stealth+)
You are amphibious.
You can wear up to eight rings at the same time.
You can use your tentacles to constrict eight enemies at once.
Your skin changes colour to match your surroundings (Stealth+).
Your rubbery body absorbs attacks. (AC +1, EV +1)


Message History

Casting: Magic Dart
Confirm with . or Enter, or press ? or * to list all spells.
Aiming: Searing Ray
Press: ? - help, Shift-Dir - straight line, f/p - two-headed ogre
Aim: a two-headed ogre, wielding a giant spiked club and a giant club (moderately wounded)
The searing ray hits the two-headed ogre.
The two-headed ogre is moderately wounded. (Press . to maintain the ray.)
The searing ray hits the two-headed ogre.
The two-headed ogre is heavily wounded.
The searing ray hits the two-headed ogre.
The two-headed ogre is heavily wounded.
The searing ray hits the two-headed ogre.
The two-headed ogre is severely wounded.
You finish channeling your searing ray.
The two-headed ogre closely misses you.
The two-headed ogre hits you with a giant club!!
You fail to use your ability.
The two-headed ogre hits you with a giant spiked club!!!
Ouch! That really hurt!
You die...

#....O# #.....# #...)†#
#######.##†##
#.......##.### ### #
##.########>..###..
#####.#..#### ###.....#
...........!#### ##..###
........@O...............
.....#........####...####
######........# #.#.####
#........# #.#.#...
#.#.....## #.#.. #.
#..#....... . ..####
............ ......
#.........?.. ..... ...##


You could see a two-headed ogre.

Vanquished Creatures
  Joseph (D:7)
  A hornet (D:8)
  A hippogriff (D:7)
  Eustachio (D:6)
  A hungry ghost (D:7)
  A steam dragon (D:7)
  A black bear (D:6)
  An ice beast (D:6)
  A phantom (D:7)
  2 killer bees (D:8)
  An ogre (D:7)
  2 centaurs
  A big kobold (Sewer)
  3 bullfrogs
  A scorpion (D:8)
  A howler monkey (D:8)
  A crimson imp (D:5)
  A jelly (D:7)
  2 hounds (D:7)
  5 orc priests
  2 orc wizards
  Jessica (D:2)
  3 worker ants
  A killer bee zombie (D:5)
  A hound zombie (D:7)
  2 hound skeletons
  A worker ant zombie (D:7)
  11 adders
  3 gnolls (D:4)
  A river rat (Sewer)
  A shadow imp (D:8)
  An adder skeleton (D:5)
  7 worms
  5 dart slugs
  7 leopard geckos
  15 orcs
  5 giant cockroaches
  7 hobgoblins
  16 jackals
  3 quokkas
  2 ball pythons
  10 bats
  4 frilled lizards
  3 goblins
  6 kobolds
  A quokka skeleton (D:4)
  6 rats
154 creatures vanquished.

Vanquished Creatures (collateral kills)
  A killer bee (D:8)
  2 orc priests (D:6)
  An orc wizard (D:6)
  An orc (D:6)
5 creatures vanquished.

Vanquished Creatures (others)
  A killer bee (D:8)
  An orc wizard (D:6)
  An orc (D:7)
  4 fulminant prisms
7 creatures vanquished.

Grand Total: 166 creatures vanquished

Notes
Turn   | Place    | Note
-------+----------+-------------------------------------------
     0 | D:1      | Ijustatesigmund the Octopode Conjurer began the quest for the Orb.
     0 | D:1      | Reached XP level 1. HP: 11/11 MP: 3/3
   145 | D:1      | Reached XP level 2. HP: 9/17 MP: 0/5
   849 | D:1      | Reached XP level 3. HP: 21/21 MP: 2/7
   999 | D:1      | Learned a level 2 spell: Searing Ray
  1003 | D:1      | Learned a level 3 spell: Dazzling Spray
  1197 | D:2      | Noticed Jessica
  1232 | D:2      | Reached skill level 1 in Fighting
  1277 | D:2      | Reached XP level 4. HP: 28/28 MP: 9/9
  1289 | D:2      | Killed Jessica
  1519 | D:2      | Found a burning altar of Makhleb.
  2071 | D:3      | Reached XP level 5. HP: 34/34 MP: 11/11
  2110 | D:3      | Found a glowing drain.
  2130 | Sewer    | Entered a sewer
  2348 | Sewer    | Noticed a big kobold
  2367 | Sewer    | Killed a big kobold
  2647 | Sewer    | Found a white marble altar of Elyvilon.
  2789 | D:3      | Reached XP level 6. HP: 27/42 MP: 0/12
  3280 | D:3      | Found a shattered altar of Ashenzari.
  3386 | D:3      | Reached skill level 1 in Hexes
  3879 | D:3      | Found a faded altar of an unknown god.
  4097 | D:4      | Found a staircase to the Ecumenical Temple.
  4103 | Temple   | Entered the Ecumenical Temple
  4704 | D:4      | Reached skill level 1 in Short Blades
  5026 | D:4      | Reached XP level 7. HP: 25/46 MP: 1/13
  5200 | D:5      | Entered Level 5 of the Dungeon
  5779 | D:5      | Reached skill level 3 in Stealth
  5987 | D:5      | Reached skill level 4 in Stealth
  6323 | D:5      | Got a scorched brass amulet
  6326 | D:5      | Identified the amulet of the Fiend {Faith +Blink Stlth+} (You found it on level 5 of the Dungeon)
  6592 | D:5      | Learned a level 4 spell: Iskenderun's Mystic Blast
  6597 | D:5      | Learned a level 4 spell: Fulminant Prism
  6639 | D:6      | Reached skill level 5 in Stealth
  6639 | D:6      | Reached skill level 1 in Evocations
  6906 | D:6      | Reached skill level 6 in Stealth
  6906 | D:6      | Reached XP level 8. HP: 14/52 MP: 2/14
  7277 | D:6      | Noticed Eustachio
  7286 | D:6      | Killed Eustachio
  7286 | D:6      | Reached skill level 7 in Stealth
  7358 | D:6      | Noticed Ijustatesigmund's ghost (novice OpCj)
  7406 | D:7      | Noticed a hippogriff
  7731 | D:7      | Reached skill level 5 in Spellcasting
  7885 | D:7      | Killed a hippogriff
  8158 | D:7      | Reached skill level 5 in Conjurations
  8301 | D:7      | Reached XP level 9. HP: 31/57 MP: 17/17
  8486 | D:7      | Found an opulent altar of Gozag.
  8544 | D:7      | Noticed Joseph
  8560 | D:7      | Killed Joseph
  8711 | D:7      | Found a shadowy altar of Dithmenos.
  8906 | D:7      | Reached skill level 5 in Hexes
  8977 | D:8      | Noticed a hornet
  8988 | D:8      | Killed a hornet
  9383 | D:8      | Noticed a two-headed ogre
  9420 | D:8      | Demolished by a two-headed ogre

Vault maps used:
D:1:      dpeg_arrival_houses_and_road, minmay_heptomino_o4
D:2:      first_bread, hex_intersection, serial_bayou_pond_c, bloody_makhleb,
          uniq_jessica
D:3:      ashenzari_conservatory_becter, cheibrodos_sewer_entry_sluice,
          chequers_ecumenical_altar_grove, kennysheep_generic_room_5
D:4:      minmay_temple_entry_hall, minmay_close_crescents
D:5:      kennysheep_generic_room_15
D:6:      uniq_eustachio
D:7:      old_standard_altar, corexii_hall_statues_s,
          grunt_dithmenos_smoke_and_mirrors, uniq_joseph
D:8:      serial_shops, nicolae_shop_waterfront, special_room
Temple:   compressed_dpeg_triangle_lava_temple
Sewer:    sewer_kobolds

Skill      XL: |  1  2  3  4  5  6  7  8  9 |
---------------+----------------------------+-----
Spellcasting   | 3 4 5 6 |  6.8
Fighting       | 1 2 3 |  3.5
Hexes          | 1 2 4 5 |  5.7
Short Blades   | 1 2 |  2.2
Dodging        | 3 |  3.2
Stealth        | 6 7 |  7.0
Evocations     | 2 3 |  3.6
Conjurations   | 5 6 |  6.7

Action                   |  1- 3 |  4- 6 |  7- 9 || total
-------------------------+-------+-------+-------++-------
Melee: Unarmed           |     5 |       |       ||     5
       Constrict         |     6 |    23 |    21 ||    50
       Short sword       |    16 |    86 |   132 ||   234
       Tentacles         |       |    14 |    26 ||    40
 Cast: Magic Dart        |    39 |   112 |    78 ||   229
       Searing Ray       |       |     5 |    16 ||    21
       Fulminant Prism   |       |       |     4 ||     4
 Abil: Evoke Blink       |       |       |     3 ||     3
Evoke: Wand              |       |       |     9 ||     9
  Use: Scroll            |     8 |     5 |     7 ||    20
       Potion            |       |     1 |    10 ||    11
 Stab: Sleeping          |     4 |     4 |     7 ||    15
       Distracted        |       |     1 |       ||     1
       Paralysed         |       |       |     3 ||     3
  Eat: Chunk             |     1 |     6 |    10 ||    17
       Bread ration      |       |     1 |     1 ||     2
       Fruit             |       |       |     2 ||     2
       Royal jelly       |       |       |     1 ||     1
Armor: Skin              |     4 |    18 |    33 ||    55
Dodge: Dodged            |    21 |    57 |   141 ||   219
